 Dungeon Crawl Stone Soup version 0.25-a0-942-g87a5396 (webtiles) character file.

Game seed: 13588886013699060760, levelgen mode: deterministic

123 DrEnzyme the Skirmisher (level 5, 0/32 HPs)
             Began as a Kobold Wanderer on May 7, 2020.
             Succumbed to a scorpion's poison
             ... on level 2 of the Dungeon.
             The game lasted 00:02:15 (2432 turns).

DrEnzyme the Skirmisher (Kobold Wanderer)           Turns: 2432, Time: 00:02:16

Health: 0/32       AC: 10    Str: 10    XL:     5   Next: 28%
Magic:  6/6        EV: 10    Int: 15    God:
Gold:   59         SH:  0    Dex: 13    Spells: 4/4 levels left

rFire    . . .     SeeInvis .   a - +0 short sword
rCold    . . .     Gourm    .   (shield restricted)
rNeg     . . .     Faith    .   b - +4 scale mail
rPois    .         Spirit   .   (no helmet)
rElec    .         Reflect  .   (no cloak)
rCorr    .         Harm     .   (no gloves)
MR       .....                  (no boots)
Stlth    ..........             (no amulet)
HPRegen  0.10/turn              (no ring)
MPRegen  0.10/turn              (no ring)

@: lethally poisoned (0 -> -9)
A: small, carnivore
a: no special abilities


You were on level 2 of the Dungeon.
You were very full.

You visited 1 branch of the dungeon, and saw 2 of its levels.

You collected 59 gold pieces.

Inventory:

Hand Weapons
 a - a +0 short sword (weapon)
Armour
 b - a +4 scale mail (worn)
Scrolls
 i - a scroll of remove curse {unknown}
Potions
 c - a potion of curing
Comestibles
 d - 7 chunks of flesh
 f - 3 rations


   Skills:
 + Level 3.2 Fighting
 + Level 2.8 Short Blades
   Level 2.4 Crossbows
 + Level 2.5 Armour
 + Level 1.1 Dodging
 + Level 0.4 Stealth
 + Level 2.6 Unarmed Combat
   Level 2.4 Evocations


You had 4 spell levels left.
You didn't know any spells.
Your spell library was empty.

Dungeon Overview and Level Annotations

Branches:
Dungeon (2/15)

Altars:


Innate Abilities, Weirdness & Mutations

You are small and have problems with some larger weapons.
You are carnivorous and can eat meat at any time.


Message History

* * * LOW HITPOINT WARNING * * *
You feel sick. The scorpion completely misses you.
You closely miss the scorpion.
The scorpion is heavily wounded.
* * * LOW HITPOINT WARNING * * *
You feel sick.
The scorpion stings you but does no damage.
You hit the scorpion but do no damage.
The scorpion is heavily wounded.
* * * LOW HITPOINT WARNING * * *
You feel sick. The scorpion stings you.
* * * LOW HITPOINT WARNING * * *
You hit the scorpion but do no damage.
The scorpion is heavily wounded.
* * * LOW HITPOINT WARNING * * *
You feel sick. The scorpion stings you.
* * * LOW HITPOINT WARNING * * *
You hit the scorpion.
The scorpion is severely wounded.
You die...

.##.#.. .......
.....# .<.....
#.#.##.......
#............
###.###...... #.#
##### #.####.##
######
######s....[..
.....
##...##@###..##
...##.###รท#.###..#
####.#.##
##.........
#......# #.####..#.
....##.#.## #.# ..
. ...#..###..#
###.#)......#
..#.......#
###.......#


You could see a scorpion.

Vanquished Creatures
  A bullfrog (D:1)
  An adder (D:2)
  An ooze (D:1)
  A worm (D:2)
  A dart slug (D:1)
  4 giant cockroaches
  3 goblins (D:1)
  6 hobgoblins
  3 jackals (D:1)
  3 kobolds
  A quokka (D:2)
  5 bats
  3 frilled lizards (D:1)
  5 rats (D:1)
38 creatures vanquished.

Notes
Turn   | Place    | Note
-------+----------+-------------------------------------------
     0 | D:1      | DrEnzyme the Kobold Wanderer began the quest for the Orb.
     0 | D:1      | DrEnzyme set off with the following items: a +0 short
                  | sword, a +2 scale mail, a potion of curing, a ration
     0 | D:1      | Reached XP level 1. HP: 12/12 MP: 2/2
   214 | D:1      | Reached XP level 2. HP: 5/18 MP: 3/3
   809 | D:1      | Reached XP level 3. HP: 12/22 MP: 4/4
  1416 | D:2      | Noticed a bullfrog
  1745 | D:1      | Killed a bullfrog
  1745 | D:1      | Reached skill level 3 in Fighting
  1745 | D:1      | Reached skill level 1 in Dodging
  1745 | D:1      | Reached XP level 4. HP: 13/28 MP: 5/5
  1745 | D:1      | Reached XP level 5. HP: 14/32 MP: 6/6
  2431 | D:2      | HP: 1/32 [scorpion (4)]
  2432 | D:2      | Succumbed to a scorpion's poison

Levels and vault maps discovered:
D:1:      dpeg_arrival_line_fractal, layout_loops_corners
D:2:      layout_loops_cross, first_ration

Skill      XL: |  1  2  3 |
---------------+----------+-----
Armour         | 2 |  2.5
Fighting       | 3 |  3.2
Short Blades   | 2 |  2.8
Dodging        | 1 |  1.1
Crossbows      | |  2.4
Stealth        | |  0.4
Unarmed Combat | |  2.6
Evocations     | |  2.4

Action                   |  1- 3 |  4- 6 || total
-------------------------+-------+-------++-------
Melee: Short sword       |   145 |    99 ||   244
  Use: Scroll            |     4 |       ||     4
  Eat: Chunk             |    10 |     3 ||    13
Armor: Scale mail        |    95 |    37 ||   132
Dodge: Dodged            |    98 |    55 ||   153

Table legend:
 A = Non-vault XP
 B = Vault XP
 C = Vault XP percentage of total XP
 D = Non-vault monster count
 E = Vault monster count
 F = Vault count percentage of total count
                 A         B        C        D         E       F
            +---------+---------+-------+---------+---------+-------
      Total |     176 |       0 |   0.0 |      38 |       0 |   0.0
            +---------+---------+-------+---------+---------+-------
        D:1 |     140 |       0 |   0.0 |      27 |       0 |   0.0
        D:2 |      36 |       0 |   0.0 |      11 |       0 |   0.0
            +---------+---------+-------+---------+---------+-------
